 Dungeon Crawl Stone Soup version 0.20.1-1-g8b1a95d (webtiles) character file.

97 letownia2 the Grave Robber (level 4, -11/54 HPs)
             Began as a Deep Dwarf Necromancer on Oct 29, 2017.
             Mangled by hilaritas's ghost (16 damage)
             ... on level 4 of the Dungeon.
             The game lasted 00:03:39 (1147 turns).

letownia2 the Grave Robber (Deep Dwarf Necromancer) Turns: 1147, Time: 00:03:40

Health: -11/54     AC:  2    Str: 17    XL:     4   Next: 42%
Magic:  8/8        EV: 13    Int: 16    God:
Gold:   71         SH:  0    Dex: 16    Spells: 5/9 levels left

rFire    . . .     SeeInvis .   f - +0 dagger (speed)
rCold    . . .     Gourm    .   (no shield)
rNeg     . . .     Faith    .   a - +0 robe
rPois    .         Spirit   .   (no helmet)
rElec    .         Reflect  .   (no cloak)
rCorr    .         Harm     .   (no gloves)
MR       .....                  (no boots)
Stlth    ..........             (no amulet)
Regen    0.0/turn               d - +3 ring of dexterity
MPRegen  0.2/turn               m - ring of flight

@: berserking (expiring), non-regenerating, very quick
A: damage resistance, heal wounds, sense surroundings 1, no regeneration
a: Heal Wounds, Evoke Flight


You were on level 4 of the Dungeon.
You were hungry.

You visited 1 branch of the dungeon, and saw 5 of its levels.

You collected 71 gold pieces.

Inventory:

Hand Weapons
 f - a +0 dagger of speed (weapon)
Armour
 a - a +0 robe (worn)
 n - a +0 ring mail
Jewellery
 d - a +3 ring of dexterity (left hand)
 m - a ring of flight (right hand)
Scrolls
 h - a scroll of identify
Potions
 e - a potion of magic {unknown}
 g - a potion of might {unknown}
 i - a potion of lignification {unknown}
 j - a potion of berserk rage
 l - a potion of mutation
Books
 b - a book of Necromancy

   Spells                             Type                      Level
   a - Pain                           Necromancy                   1
   b - Animate Skeleton               Necromancy                   1
   c - Vampiric Draining              Necromancy                   3
   d - Regeneration                   Charms/Necromancy            3
   e - Animate Dead                   Necromancy                   4
   f - Control Undead                 Necromancy                   4
Comestibles
 c - a bread ration
 k - a meat ration


   Skills:
 - Level 2.1 Dodging
 - Level 2.4 Stealth
 + Level 3.1 Spellcasting
 + Level 5.5 Necromancy


You had 5 spell levels left.
You knew the following spells:

 Your Spells              Type           Power        Failure   Level  Hunger
a - Pain                  Necr           ###.         1%          1    #......
v - Vampiric Draining     Necr           ###.......   6%          3    ###....


Dungeon Overview and Level Annotations

Branches:
Dungeon (5/15)
 Temple: D:4-7

Altars:

Annotations:
D:4 Blork the orc; hilaritas's ghost, novice HuFi
D:5 exclusions: centaur and ogre


Innate Abilities, Weirdness & Mutations

You are resistant to damage.
You can heal yourself by infusing magical energy.
You passively map a small area around you.
You do not regenerate.


Message History

Hilaritas's ghost is heavily damaged.
Hilaritas's ghost closely misses you.
You hit hilaritas's ghost but do no damage.
Hilaritas's ghost is heavily damaged.
You barely miss hilaritas's ghost.
Hilaritas's ghost is heavily damaged.
Hilaritas's ghost closely misses you.
You puncture hilaritas's ghost!
Hilaritas's ghost is severely damaged.
You hit hilaritas's ghost but do no damage.
Hilaritas's ghost is severely damaged.
You hit hilaritas's ghost but do no damage.
Hilaritas's ghost is severely damaged.
Hilaritas's ghost barely misses you.
You hit hilaritas's ghost but do no damage.
Hilaritas's ghost is severely damaged.
You closely miss hilaritas's ghost.
Hilaritas's ghost is severely damaged.
Hilaritas's ghost hits you!
You die...

* *, , ,, *,,
* ,, , ** * ,
* * * * # ###
# #@# #
#####W# #
#.....# ##
#.##### .# #.#
.# #.# .# #.#
.###########W#
.......W.....#


You could see hilaritas's ghost.

Vanquished Creatures
  An ogre (D:4)
  2 ball pythons
  A giant cockroach (D:1)
  3 goblins
  A kobold (D:3)
  A quokka (D:5)
  A frilled lizard (D:1)
  A rat (D:1)
11 creatures vanquished.

Notes
Turn   | Place    | Note
-------+----------+-------------------------------------------
     0 | D:1      | letownia2 the Deep Dwarf Necromancer began the quest for the Orb.
     0 | D:1      | Reached XP level 1. HP: 15/15 MP: 3/3
   524 | D:3      | Reached XP level 2. HP: 22/22 MP: 3/5
   603 | D:5      | Entered Level 5 of the Dungeon
   663 | D:5      | Noticed a centaur
   745 | D:5      | Noticed an ogre
   797 | D:4      | Noticed Blork the orc
   836 | D:4      | Noticed an ogre
   984 | D:4      | Killed an ogre
   984 | D:4      | Reached skill level 5 in Necromancy
   984 | D:4      | Reached XP level 3. HP: 10/28 MP: 0/7
   984 | D:4      | Reached XP level 4. HP: 13/36 MP: 0/8
  1019 | D:4      | Learned a level 3 spell: Vampiric Draining
  1091 | D:4      | Noticed hilaritas's ghost (novice HuFi)
  1147 | D:4      | Mangled by hilaritas's ghost

Skill      XL: |  1  2 |
---------------+-------+-----
Spellcasting   | 2 3 |  3.1
Necromancy     | 5 |  5.5
Dodging        | |  2.1
Stealth        | |  2.4

Action                   |  1- 3 |  4- 6 || total
-------------------------+-------+-------++-------
Melee: Dagger            |     1 |    22 ||    23
 Cast: Pain              |    19 |     1 ||    20
  Use: Scroll            |       |     2 ||     2
       Potion            |       |     1 ||     1
 Stab: Sleeping          |     1 |       ||     1
Dodge: Dodged            |     5 |     7 ||    12
